AoeStats
← DKing

Nomad

509656900Analyzed
4v4 RM · 5d ago on Sep 27, 2026· 25m 18s· 8 players
Game mode
Random Map
Map size
231×231
Population
200
Speed
Normal
Resources
Standard
Victory
Conquest
Starting age
Dark Age
Ending age
Imperial Age
RankedLock teamsTeams togetherTeam positionsShared explorationLock speedFull tech treeHidden civsTurbo modeCheats
Victory
Defeat
1258
+14
🇵🇪 Mongols · Peru
1252
+36
🇵🇹 Italians · Portugal
1246
+15
🇬🇷 Armenians · Greece
1239
+15
🇨🇳 Persians · China
1273
-16
🇵🇪 Franks · Peru
1246
-16
🇦🇺 Mongols · Australia
1201
-14
🇵🇪 Goths · Peru
1172
-13
Сергей Петрович
5:18 Loom
15:56 Feudal Age
16:34 Double-Bit Axe
19:36 Fishing Lines
23:27 Castle Age
22:56 Stone Mining
22:56 Gold Mining
25:29 Wheelbarrow
25:39 Stone Shaft Mining
25:00 Town Watch
Lucifer 69 F
8:13 Loom
12:08 Feudal Age
17:55 Castle Age
16:23 Double-Bit Axe
18:14 Town Watch
23:37 Horse Collar
DKing
5:16 Loom
12:07 Feudal Age
12:47 Double-Bit Axe
15:23 Fishing Lines
17:14 Fletching
23:22 Castle Age
22:38 Gold Mining
24:48 Medium Warships
24:30 Gillnets
25:18 Bodkin Arrow
mojotzotzo
5:04 Loom
13:00 Feudal Age
14:28 Town Watch
18:31 Castle Age
16:32 Stone Mining
16:58 Double-Bit Axe
20:36 Fletching
ubertorresr
3:34 Loom
3:35 Loom
14:38 Feudal Age
22:06 Wheelbarrow
El gato feroz
2:56 Loom
16:05 Feudal Age
26:43 Castle Age
飘雪
12:22 Feudal Age
12:49 Fishing Lines
18:17 Castle Age
17:03 Stone Mining
17:05 Double-Bit Axe
18:06 Stone Mining
18:38 Gillnets
19:31 Bow Saw
19:58 Gold Mining
19:54 Horse Collar
21:24 Forging
21:19 Scale Barding Armor
21:22 Loom
22:15 Wheelbarrow
23:00 Heavy Plow
24:28 Bloodlines
DreamStolen
4:44 Loom
13:47 Feudal Age
19:30 Castle Age
19:44 Double-Bit Axe
22:56 Bloodlines
23:45 Scale Barding Armor
Connection lost

Rejoining the realm…

Still unreachable

The connection could not be restored.

Session expired

The server has moved on; the page needs a fresh start.